 Dungeon Crawl Stone Soup version 0.30-a0-626-gd6a5dd7a1f (webtiles) character file.

Game seed: 15798854749500401061

5822 Dartaoz the Zephyrmancer (level 10, -1/61 HPs)
             Began as a Tengu Air Elementalist on Jan 11, 2023.
             Was a Priest of Vehumet.
             Killed from afar by an oklob plant (21 damage)
             ... with a splash of acid
             ... on level 9 of the Dungeon.
             The game lasted 00:29:52 (14739 turns).

Dartaoz the Zephyrmancer (Tengu Air Elementalist)  Turns: 14739, Time: 00:29:52

Health: -1/61      AC:  4    Str:  9    XL:     10   Next: 80%
Magic:  0/20       EV: 23    Int: 19    God:    Vehumet [***...]
Gold:   525        SH:  0    Dex: 15    Spells: 11/21 levels left

rFire   . . .      SeeInvis .    e - +4 hand axe (flame)
rCold   . . .      Faith    .    (no shield)
rNeg    . . .      Spirit   .    a - +0 robe
rPois   .          Reflect  .    (helmet restricted)
rElec   .          Harm     .    u - +1 cloak
rCorr   .          Rampage  .    (no gloves)
Will    .....                    (boots unavailable)
Stlth   ++++                     (no amulet)
HPRegen 0.30/turn                j - +5 ring of evasion
MPRegen 0.17/turn                (no ring)

@: flying quickly and evasively, quick
A: beak, talons 3, nimble flight
a: Renounce Religion


You were on level 9 of the Dungeon.
You worshipped Vehumet.
Vehumet was most pleased with you.
You visited 2 branches of the dungeon, and saw 10 of its levels.

You collected 569 gold pieces.
You spent 44 gold pieces at shops.

Inventory:

Hand Weapons
 d - a +2 mace of protection
 e - a +4 hand axe of flaming (weapon)
Armour
 a - a +0 robe (worn)
 u - a +1 cloak (worn)
 w - +0 acid dragon scales
Jewellery
 j - a +5 ring of evasion (left hand)
Wands
 c - a wand of digging (6)
 s - a wand of quicksilver (6)
 x - a wand of paralysis (12)
 z - a wand of polymorph (12)
Scrolls
 f - 4 scrolls of fog
 g - a scroll of brand weapon
 i - 2 scrolls of teleportation
 k - a scroll of vulnerability
 m - a scroll of poison
 n - a scroll of enchant armour
 o - 3 scrolls of blinking
 q - a scroll of silence {unknown}
 v - 2 scrolls of immolation {unknown}
 y - a scroll of noise {unknown}
Potions
 h - 3 potions of degeneration
 l - 4 potions of curing
 p - a potion of attraction
 r - a potion of might
 t - a potion of berserk rage {unknown}
 A - a potion of heal wounds {unknown}
 B - a potion of mutation {unknown}
 C - a potion of experience {unknown}


   Skills:
 + Level 6.3 Fighting
 + Level 7.5 Dodging
 + Level 7.4 Stealth
 + Level 6.2 Spellcasting
 + Level 8.5 Conjurations
 + Level 9.3 Air Magic


You had 11 spell levels left.
You knew the following spells:

 Your Spells              Type           Power      Damage    Failure   Level
a - Shock                 Conj/Air       100%       1d9       1%          1
b - Static Discharge      Conj/Air       78%        2-6/arc   1%          2
c - Swiftness             Air            41%        N/A       1%          3
d - Airstrike             Air            20%        2d(3-19)  1%          4

Your spell library contained the following spells:

 Spells                   Type           Power      Damage    Failure   Level
 Hailstorm                Conj/Ice       22%        3d7       1%          3
 Magic Dart               Conj           100%       1d8       1%          1
 Mephitic Cloud           Conj/Pois/Air  28%        N/A       1%          3
 Call Imp                 Summ           5%         N/A       17%         2


Dungeon Overview and Level Annotations

Branches:
Dungeon (9/15)             Temple (1/1) D:5
   Lair: D:8-11         Orc: D:9-12

Altars:
Ashenzari
Cheibriados
Dithmenos
Elyvilon
Fedhas
Gozag
Hepliaklqana
Kikubaaqudgha
Makhleb
Nemelex Xobeh
Okawaru
Qazlal
Sif Muna
Trog
Uskayaw
Vehumet
Wu Jian
Xom
Yredelemnul
Zin
The Shining One

Shops:
D:6 *

Annotations:
D:9 exclusion: oklob plant


Innate Abilities, Weirdness & Mutations

You have a beak for a mouth.
You have claws for feet.
Your magical nature lets you fly swiftly and evasively.


Message History

You are too injured to fight recklessly!
You are too injured to fight recklessly!
Aiming: Shock (safe; 1% risk of failure)
Press: ? - help, Q - select action, (/) - cycle Shift-Dir - straight line, f/p - oklob plant
Aim: an oklob plant (moderately damaged, 100% to hit)
The zap hits the oklob plant but does no damage.
The oklob plant is moderately damaged.
The zap hits the plant.
The plant begins to die.
The plant is lightly damaged.
The zap hits the plant!
The plant begins to die.
The plant is lightly damaged.
The zap hits the plant!
The plant is lightly damaged.
Aiming: Shock (safe; 1% risk of failure)
Press: ? - help, Q - select action, (/) - cycle Shift-Dir - straight line, f/p - oklob plant
Aim: an oklob plant (moderately damaged, 100% to hit)
The zap hits the oklob plant but does no damage.
The oklob plant is moderately damaged.
The zap hits the plant!
The plant is lightly damaged.
The zap hits the plant.
The plant is lightly damaged.
The zap hits the plant!
The plant is lightly damaged.
The oklob plant spits acid at you. The splash of acid misses you.
Aiming: Shock (safe; 1% risk of failure)
Press: ? - help, Q - select action, (/) - cycle Shift-Dir - straight line, f/p - oklob plant
Aim: an oklob plant (moderately damaged, 100% to hit)
The zap hits the oklob plant.
The oklob plant is heavily damaged.
The zap hits the plant.
The plant is lightly damaged.
The zap hits the plant!
The plant is moderately damaged.
The zap hits the plant.
The plant is moderately damaged.
The oklob plant spits acid at you. The splash of acid hits you!!
You die...

##..#..≈~≈≈≈≈~≈≈..P.#
#P.P#.~≈≈~≈~~≈≈≈~.P##
#..PP.~~†≈...≈≈≈~.###
#PPPP......_.~≈≈~....
#PP#P.~≈~~...~≈≈~.###
#.#P#.≈≈≈≈~~~≈≈≈~.PP#
####P..~≈≈≈≈≈≈≈≈..P##
##P.P...~≈≈≈≈~~...P.#
#P..@#P..~~~~~..#PPP#
##..PPP#........P#P##
#...PPPPP.#P#.P#PPP.#


#.P..#PPPPPP.P#PPPP## ##PP.PPPP#PPPPPPP#.P# PPPPP###P#PP.PPPPPP# #######
############# ###### #..... You could see an oklob plant.

Vanquished Creatures
  Joseph (D:8)
  A gargoyle (D:6)
  2 kobold demonologists (D:9)
  A troll (D:9)
  A shadow (D:9)
  3 yaks (D:9)
  A wyvern (D:9)
  Eustachio (D:5)
  Menkaure (D:4)
  2 water moccasins
  2 acid dragons
  3 orc warriors
  4 black bears
  A sky beast (D:7)
  An ogre (D:5)
  A centaur (D:7)
  5 kobold brigands
  A necrophage (D:5)
  Blork the orc (D:5)
  2 bullfrogs
  2 gnoll sergeants
  2 scorpions
  7 wights
  3 killer bees (D:7)
  3 howler monkeys
  A hound (D:5)
  3 orc priests
  A jelly (D:5)
  2 iguanas (D:4)
  5 orc wizards
  13 gnolls
  10 adders
  An ufetubus (D:7)
  2 worms
  5 dart slugs
  33 orcs
  3 ball pythons
  7 endoplasms
  A giant cockroach (D:1)
  11 goblins
  8 hobgoblins
  3 jackals (D:5)
  2 quokkas (D:1)
  4 bats
  A frilled lizard (D:1)
  46 kobolds
  6 rats
220 creatures vanquished.

Vanquished Creatures (others)
  7 fungi (D:9)
  86 plants
93 creatures vanquished.

Grand Total: 313 creatures vanquished

Notes
Turn   | Place    | Note
-------+----------+-------------------------------------------
     0 | D:1      | Dartaoz the Tengu Air Elementalist began the quest for the
                  | Orb.
     0 | D:1      | Reached XP level 1. HP: 10/10 MP: 4/4
   217 | D:1      | Reached XP level 2. HP: 15/15 MP: 4/6
   585 | D:1      | Reached XP level 3. HP: 20/20 MP: 4/7
  1139 | D:1      | Found a faded altar of an unknown god.
  1143 | D:1      | Learned a level 2 spell: Static Discharge
  1572 | D:2      | Reached skill level 1 in Fighting
  1702 | D:2      | Reached XP level 4. HP: 25/25 MP: 5/8
  2287 | D:2      | Gained mutation: Your magical nature lets you fly swiftly
                  | and evasively. [Tengu growth]
  2287 | D:2      | Reached XP level 5. HP: 29/29 MP: 5/9
  2513 | D:3      | Found a glowing golden altar of the Shining One.
  2554 | D:3      | Found an opulent altar of Gozag.
  3552 | D:4      | Noticed Menkaure
  3579 | D:3      | Learned a level 3 spell: Swiftness
  3690 | D:4      | Found a burning altar of Makhleb.
  3690 | D:4      | Noticed an Executioner
  3704 | D:4      | Reached skill level 5 in Air Magic
  3704 | D:4      | Reached XP level 6. HP: 35/35 MP: 4/11
  4092 | D:4      | Killed Menkaure
  4398 | D:4      | Found a bloodstained altar of Trog.
  4619 | D:5      | Entered Level 5 of the Dungeon
  4623 | D:5      | Noticed Eustachio
  4691 | D:5      | Reached XP level 7. HP: 40/40 MP: 0/12
  4790 | D:5      | Noticed Blork the orc
  4800 | D:5      | Killed Blork the orc
  4898 | D:5      | Found a staircase to the Ecumenical Temple.
  4907 | Temple   | Entered the Ecumenical Temple
  4945 | Temple   | Became a worshipper of Vehumet
  5153 | D:5      | Killed Eustachio
  5154 | D:5      | Reached skill level 6 in Air Magic
  5530 | D:5      | Reached XP level 8. HP: 38/46 MP: 4/14
  5535 | D:5      | Learned a level 4 spell: Airstrike
  5626 | D:5      | Found a white marble altar of Elyvilon.
  5869 | D:5      | Reached skill level 5 in Conjurations
  6528 | D:6      | Found a hide-covered altar of Uskayaw.
  6986 | D:6      | Found Exkoiser's Assorted Antiques.
  7158 | D:6      | Reached skill level 5 in Dodging
  7296 | D:6      | Reached * piety under Vehumet
  7296 | D:6      | Offered knowledge of Magic Dart by Vehumet.
  7400 | D:6      | Reached skill level 5 in Stealth
  7984 | D:6      | Bought a scroll of identify for 44 gold pieces
  8032 | D:6      | Reached skill level 7 in Air Magic
  8447 | D:7      | Noticed a gargoyle
  8467 | D:7      | Reached XP level 9. HP: 52/52 MP: 10/16
  8793 | D:6      | Found Exkoiser's Assorted Antiques.
  9468 | D:6      | Killed a gargoyle
 10000 | D:7      | Reached skill level 5 in Spellcasting
 10184 | D:7      | Reached ** piety under Vehumet
 10184 | D:7      | Offered knowledge of Searing Ray by Vehumet.
 10185 | D:7      | Reached skill level 5 in Fighting
 10408 | D:7      | Reached skill level 8 in Air Magic
 11775 | D:8      | Noticed Joseph
 12064 | D:8      | Killed Joseph
 12065 | D:8      | Reached XP level 10. HP: 23/59 MP: 2/19
 12782 | D:9      | Noticed a kobold demonologist
 12783 | D:9      | Noticed a kobold demonologist
 12787 | D:9      | Noticed a rust devil
 12794 | D:9      | Killed a kobold demonologist
 12797 | D:9      | Noticed a rust devil
 12799 | D:9      | Killed a kobold demonologist
 12924 | D:9      | Found a glowing silver altar of Zin.
 12924 | D:9      | Noticed an angel
 13033 | D:9      | Found a blossoming altar of Fedhas.
 13055 | D:9      | Noticed an oklob plant
 13491 | D:9      | Reached skill level 9 in Air Magic
 13596 | D:9      | Offered knowledge of Hailstorm by Vehumet.
 13846 | D:9      | Found a shimmering blue altar of Sif Muna.
 13847 | D:9      | Found a sparkling altar of Nemelex Xobeh.
 14034 | D:9      | Noticed a two-headed ogre
 14316 | D:9      | Reached *** piety under Vehumet
 14739 | D:9      | Killed from afar by an oklob plant

Illustrated notes

Levels and vault maps discovered:
D:1:      dpeg_arrival_central, layout_loops_ring,
          shapermc_ecumenical_altar_ellora
D:2:      layout_rooms
D:3:      layout_loops_ring, nicolae_tso_carved_into_rock, grunt_gozag_statues
D:4:      layout_basic, mainiacjoe_overflow_paths, makhleb_altar_promises_db,
          serial_bayou_pond_a, uniq_menkaure
D:5:      layout_basic, nicolae_elyvilon_peaceful_grove,
          minmay_temple_entry_arrows, uniq_blork_the_orc, uniq_eustachio
D:6:      kennysheep_kobold_camp, layout_basic, nicolae_uskayaw_dance_hall,
          nicolae_inconvenience_store
D:7:      layout_layer_cave, serial_bayou_pond_a, minmay_fountain_box,
          minmay_chambers_of_fives
D:8:      layout_cave_pods, uniq_joseph
D:9:      layout_roguey, zin_angel, tgw_fedhas,
          gammafunk_temple_overflow_statue, enter_bailey_5, minmay_holes
Temple:   nicolae_temple_ecumenical_triangle

Skill      XL: |  1  2  3  4  5  6  7  8  9 10 |
---------------+-------------------------------+-----
Conjurations   | 2 3 4 6 7 8 |  8.5
Fighting       | 1 2 3 4 5 6 |  6.3
Dodging        | 3 4 5 6 7 |  7.5
Stealth        | 3 4 5 6 7 |  7.4
Air Magic      | 5 6 7 8 9 |  9.3
Spellcasting   | 3 4 5 6 |  6.2

Action                   |  1- 3 |  4- 6 |  7- 9 | 10-12 || total
-------------------------+-------+-------+-------+-------++-------
Melee: Unarmed           |     2 |       |       |       ||     2
       Kick              |     2 |     3 |    21 |    27 ||    53
       Hand axe          |     2 |    12 |    56 |    50 ||   120
       Peck              |       |     1 |    12 |     7 ||    20
       Punch             |       |       |       |     1 ||     1
 Cast: Shock             |    75 |   142 |   236 |    85 ||   538
       Static Discharge  |       |     1 |     4 |     4 ||     9
       Airstrike         |       |       |    35 |    38 ||    73
  Use: Scroll            |       |     5 |     3 |     4 ||    12
       Potion            |       |       |     1 |     1 ||     2
Armor: Robe              |     2 |     2 |    13 |     1 ||    18
Dodge: Dodged            |    10 |    27 |   175 |    64 ||   276

Table legend: (Time is in decaauts)
 A = Elapsed time spent in this place.
 B = Non-inter-level travel time spent in this place.
 C = Inter-level travel time spent in this place.
 D = Time resting spent in this place.
 E = Time spent auto-exploring this place.
 F = Levels seen in this place.
 G = Mean time per level.
                   A        B        C        D        E       F      G
               +--------+--------+--------+--------+--------+-----+--------+
         Total |  14050 |  13646 |    404 |    514 |  11656 |  10 | 1405.0 |
       Dungeon |  14010 |  13606 |    404 |    514 |  11628 |   9 | 1556.7 |
        Temple |     39 |     39 |      0 |      0 |     27 |   1 |   39.0 |
               +--------+--------+--------+--------+--------+-----+--------+

Top non-repeatable levels by time:
     D:6: 2902 daAuts
     D:9: 1910 daAuts
     D:7: 1814 daAuts
     D:5: 1690 daAuts
     D:1: 1424 daAuts
     D:8: 1185 daAuts
     D:4: 1095 daAuts
     D:2: 1024 daAuts
     D:3: 963 daAuts
  Temple: 39 daAuts
